 Dungeon Crawl Stone Soup version 0.20.1-1-g8b1a95d (webtiles) character file.

5902 equalderp2856 the Cleaver (level 10, 0/89 HPs)
             Began as a Minotaur Fighter on Oct 2, 2017.
             Killed from afar by an electric eel (9 damage)
             ... with a bolt of electricity
             ... on level 8 of the Dungeon.
             The game lasted 00:16:03 (9149 turns).

equalderp2856 the Cleaver (Minotaur Fighter)        Turns: 9149, Time: 00:16:03

Health: 0/89       AC: 16    Str: 21    XL:     10   Next: 53%
Magic:  9/9        EV:  7    Int:  6    God:
Gold:   311        SH: 14    Dex: 12    Spells: 9/9 levels left

rFire    . . .     SeeInvis .   a - +0 war axe
rCold    . . .     Gourm    .   c - +0 shield
rNeg     . . .     Faith    .   F - +0 plate armour
rPois    .         Spirit   .   (helmet restricted)
rElec    .         Reflect  +   D - +0 cloak
rCorr    .         Harm     .   j - +0 pair of gloves
MR       .....                  (no boots)
Stlth    ..........             A - +2 amulet of reflection
Regen    0.3/turn               (no ring)
MPRegen  0.2/turn               (no ring)

@: no status effects
A: retaliatory headbutt, horns 2
a: no special abilities


You were on level 8 of the Dungeon.
You were very hungry.

You visited 1 branch of the dungeon, and saw 8 of its levels.

You collected 311 gold pieces.

Inventory:

Hand Weapons
 a - a +0 war axe (weapon)
 G - a -3 trident
Armour
 b - a +0 scale mail
 c - a +0 shield (worn)
 j - a +0 pair of gloves (worn)
 D - a +0 cloak (worn)
 F - a +0 plate armour (worn)
Jewellery
 A - a +2 amulet of reflection (around neck)
 H - a +6 ring of slaying {unknown}
 J - an uncursed ring of flight {unknown}
 M - an uncursed ring of protection from fire {unknown}
Wands
 K - a wand of digging (13/24)
 L - a wand of paralysis (5/24)
Scrolls
 e - a scroll of magic mapping
 h - 2 scrolls of fear
 i - 3 scrolls of identify
 k - 2 scrolls of enchant weapon
 l - 2 scrolls of blinking
 p - 6 scrolls of remove curse
 t - 4 scrolls of teleportation {unknown}
 y - 2 scrolls of noise {unknown}
 z - a scroll of immolation {unknown}
 B - 3 scrolls of amnesia {unknown}
 E - a scroll of recharging {unknown}
Potions
 d - a potion of might
 m - 5 potions of curing
 n - a potion of cancellation {unknown}
 o - 2 potions of mutation {unknown}
 q - a potion of berserk rage
 r - 2 potions of heal wounds {unknown}
 u - a potion of invisibility {unknown}
 v - 4 potions of flight {unknown}
 w - 2 potions of experience {unknown}
 x - a potion of agility {unknown}
 C - 3 potions of brilliance {unknown}
 I - a potion of magic {unknown}
Comestibles
 f - 7 bread rations
 g - 5 meat rations
 s - 6 royal jellies


   Skills:
 + Level 8.3 Fighting
 + Level 11.9 Axes
 + Level 8.3 Armour
 + Level 4.0 Dodging
 + Level 1.3 Stealth
 + Level 9.7 Shields
 + Level 0.1 Evocations


You had 9 spell levels left.
You didn't know any spells.

Dungeon Overview and Level Annotations

Branches:
Dungeon (8/15)             Temple (0/1) D:7
   Lair: D:8-11

Altars:
Ashenzari
Elyvilon
Nemelex Xobeh
Ru
Uskayaw
Yredelemnul


Innate Abilities, Weirdness & Mutations

You reflexively headbutt those who attack you in melee.
You have a pair of horns on your head.


Message History

The electric eel shoots out a bolt of lightning at you!
The bolt of electricity hits you!
* * * LOW HITPOINT WARNING * * *
Unknown command.
Unknown command.
You close the door.
Okay, then.
You are feeling very hungry.
You closely miss the orc wizard. You headbutt the orc wizard.
The orc wizard is lightly wounded.
An orc opens the door.
The orc wizard hits you but does no damage.
You close the door.
An orc opens the door.
The orc wizard gestures at you while chanting.
The puff of flame hits you!
* * * LOW HITPOINT WARNING * * *
Unknown command.
The electric eel shoots out a bolt of lightning at you!
The bolt of electricity hits you!
You die...

#...........# #
###...........#### .#
.(....#####'#....# .#
......'.....#....# .#
......#.....#....# .#
......#..####....#########.o##..
'######..##.#####.......o.......
.....+........#.oo#...o.####....
.....#. .......@.#$....# .
####.# #####.##o#.....#######
...# # ..........##÷...!?..$
...# ..≈≈≈≈.≈≈≈≈;...#.......<..
...#...≈≈;≈.≈≈≈≈≈...#...#......
...#...≈≈≈≈.≈≈≈≈≈...#...#......
...'...≈≈≈;.≈≈≈≈≈...#...#......
...###.≈;≈≈.........##### ..?..
.............≈≈≈≈.... #####


You could see an electric eel, an orc wizard and 2 orcs.

Vanquished Creatures
  A two-headed ogre (D:8)
  Pikel (D:6)
  3 hippogriffs
  Sigmund (D:2)
  4 hogs (D:7)
  A human (D:7)
  Menkaure (D:7)
  Duvessa (D:5)
  A sky beast (D:5)
  An orc warrior (D:6)
  2 ice beasts
  A slave (D:6)
  A phantom (D:8)
  4 ogres
  3 centaurs
  A big kobold (D:7)
  5 bullfrogs (D:7)
  2 water moccasin skeletons
  Dowan (D:5)
  A scorpion (D:8)
  7 killer bees (D:8)
  An electric eel (D:7)
  3 crimson imps
  A quasit (D:7)
  Crazy Yiuf (D:5)
  A centaur skeleton (D:7)
  5 orc priests
  A bullfrog skeleton (D:4)
  6 orc wizards
  A gnoll shaman (D:8)
  4 hounds
  2 iguanas
  Jessica (D:2)
  6 worker ants
  10 gnolls
  10 adders
  A shadow imp (D:6)
  An adder zombie (D:6)
  An adder skeleton (D:4)
  2 worms
  2 dart slugs
  7 leopard geckos
  22 orcs
  3 giant cockroaches
  9 hobgoblins
  9 jackals
  15 kobolds
  8 quokkas
  3 ball pythons
  12 bats
  2 frilled lizards
  9 goblins
  A jackal skeleton (D:4)
  A leopard gecko skeleton (D:8)
  A leopard gecko zombie (D:7)
  8 rats
213 creatures vanquished.

Vanquished Creatures (others)
  A phantom (D:6)
  2 gnolls (D:6)
  A leopard gecko (D:6)
  A kobold (D:7)
5 creatures vanquished.

Grand Total: 218 creatures vanquished

Notes
Turn   | Place    | Note
-------+----------+-------------------------------------------
     0 | D:1      | equalderp2856 the Minotaur Fighter began the quest for the Orb.
     0 | D:1      | Reached XP level 1. HP: 19/19 MP: 0/0
   193 | D:1      | Reached XP level 2. HP: 27/27 MP: 1/1
   718 | D:2      | Noticed Sigmund
   718 | D:2      | Reached XP level 3. HP: 26/33 MP: 2/2
   731 | D:2      | Killed Sigmund
   731 | D:2      | Reached skill level 4 in Axes
   731 | D:2      | Reached skill level 1 in Dodging
   731 | D:2      | Reached skill level 5 in Shields
   731 | D:2      | Reached XP level 4. HP: 25/40 MP: 3/3
   731 | D:2      | Reached XP level 5. HP: 29/46 MP: 4/4
   914 | D:2      | Noticed Jessica
   923 | D:2      | Killed Jessica
  1638 | D:3      | Found a basalt altar of Yredelemnul.
  1747 | D:3      | Reached XP level 6. HP: 52/52 MP: 5/5
  2163 | D:3      | Reached skill level 5 in Axes
  2516 | D:4      | Reached skill level 5 in Armour
  2897 | D:4      | Reached XP level 7. HP: 58/60 MP: 6/6
  2964 | D:4      | Reached skill level 6 in Axes
  3123 | D:5      | Entered Level 5 of the Dungeon
  3337 | D:5      | Reached skill level 5 in Fighting
  3454 | D:5      | Found a runed door.
  3545 | D:5      | Noticed Duvessa
  3546 | D:5      | Noticed Dowan
  3552 | D:5      | Killed Dowan
  3558 | D:5      | Killed Duvessa
  3558 | D:5      | Reached skill level 7 in Axes
  3723 | D:5      | Reached XP level 8. HP: 50/68 MP: 7/7
  3738 | D:5      | Found a shattered altar of Ashenzari.
  3959 | D:5      | Found a basalt altar of Yredelemnul.
  3961 | D:5      | Found a hide-covered altar of Uskayaw.
  4149 | D:5      | Noticed Crazy Yiuf
  4153 | D:5      | Killed Crazy Yiuf
  4205 | D:6      | Reached skill level 8 in Axes
  4468 | D:6      | Noticed Pikel
  4488 | D:6      | Killed Pikel
  4488 | D:6      | Reached skill level 9 in Axes
  4488 | D:6      | Reached XP level 9. HP: 46/75 MP: 8/8
  5433 | D:7      | Reached skill level 10 in Axes
  5717 | D:7      | Found a sparkling altar of Nemelex Xobeh.
  5749 | D:7      | Noticed Menkaure
  5755 | D:7      | Killed Menkaure
  5891 | D:7      | Found a white marble altar of Elyvilon.
  5891 | D:7      | Found a sacrificial altar of Ru.
  6400 | D:7      | Found a staircase to the Ecumenical Temple.
  6421 | D:7      | Reached skill level 11 in Axes
  6426 | D:7      | Reached XP level 10. HP: 69/86 MP: 9/9
  6981 | D:8      | Noticed a two-headed ogre
  7876 | D:8      | Killed a two-headed ogre
  7876 | D:8      | Reached skill level 1 in Stealth
  9149 | D:8      | Killed from afar by an electric eel

Skill      XL: |  1  2  3  4  5  6  7  8  9 10 |
---------------+-------------------------------+-----
Shields        | 4 5 6 7 8 9 |  9.7
Armour         | 4 5 7 8 |  8.3
Fighting       | 4 5 6 7 8 |  8.3
Axes           | 4 5 7 9 11 | 11.9
Dodging        | 1 2 3 4 |  4.0
Stealth        | 1 |  1.3
Evocations     | |  0.1

Action                   |  1- 3 |  4- 6 |  7- 9 | 10-12 || total
-------------------------+-------+-------+-------+-------++-------
Melee: War axe           |    71 |   147 |   333 |   166 ||   717
       Headbutt          |    11 |    27 |    67 |    37 ||   142
Evoke: Wand              |       |       |       |     3 ||     3
  Use: Scroll            |       |       |     5 |       ||     5
 Stab: Paralysed         |       |       |       |     4 ||     4
  Eat: Chunk             |       |     6 |    10 |     8 ||    24
       Royal jelly       |       |       |     1 |       ||     1
Armor: Scale mail        |    41 |    42 |    56 |       ||   139
       Plate armour      |       |       |    51 |    87 ||   138
Dodge: Dodged            |    27 |    43 |    74 |    36 ||   180
Block: Shield            |    50 |    93 |   186 |   129 ||   458
       Reflection        |       |       |     5 |     2 ||     7
